 Dungeon Sprint DCSS version 0.32-a0-433-g08bcfe7efd (webtiles) character file.

Game seed: 11074858943091304855

3663 rocky1 the Unseen (level 10, -3/77 HPs)
             Began as an Octopode Brigand on Feb 23, 2024.
             Slain by an unseen horror (10 damage)
             ... in the Dungeon (Sprint I: "Red Sonja").
             The game lasted 00:03:58 (2307 turns).

rocky1 the Unseen (Octopode Brigand)                Turns: 2307, Time: 00:03:59

Health: -3/77      AC:  1    Str: 10    XL:     10   Next: 12%
Magic:  10/10      EV: 20    Int: 13    God:
Gold:   974        SH:  0    Dex: 19    Spells: 9/9 levels left

rFire   . . .        a - +2 dagger
rCold   . . .        (no shield)
rNeg    . . .        (helmet restricted)
rPois   .            (no amulet)
rElec   .            (no ring)
rCorr   .            (no ring)
SInv    .            (no ring)
Will    .....        (no ring)
Stlth   +++++++++    (no ring)
HPRegen 0.32/turn    (no ring)
MPRegen 0.12/turn    (no ring)
                     (no ring)

%: no teleportation
@: no status effects
A: almost no armour, amphibious, 8 rings, camouflage 1, gelatinous body 1,
(nimble swimmer 1), tentacles
a: no special abilities


You were in the Dungeon.
You visited 1 branch You collected 1074 gold pieces.
You spent 100 gold pieces at shops.

Inventory:

Hand Weapons
 a - a +2 dagger (weapon)
Missiles
 b - 9 poisoned darts
 c - 6 curare-tipped darts (quivered)
Wands
 j - a wand of charming (9)
 k - a wand of digging (6)
Scrolls
 i - 2 scrolls of blinking
 l - a scroll of enchant armour
 m - 2 scrolls of poison
 n - a scroll of enchant weapon {unknown}
 o - a scroll of immolation {unknown}
Potions
 d - 3 potions of curing
 e - a potion of ambrosia {unknown}
 f - 2 potions of haste
 g - 2 potions of magic


   Skills:
 + Level 10.7 Fighting
 + Level 10.7 Short Blades
 - Level 2.0 Throwing
 + Level 10.5 Dodging
 * Level 20.6 Stealth


You had 9 spell levels left.
You didn't know any spells.
Your spell library contained the following spells:

 Spells                   Type           Power      Damage    Failure   Level
 Apportation              Tloc           0%         N/A       30%         1
 Necrotise                Necr           0%         1d4       30%         1
 Sting                    Conj/Alch      0%         1d3       30%         1
 Summon Small Mammal      Summ           0%         N/A       30%         1


Dungeon Overview and Level Annotations

Branches:
Dungeon (1/1)

Altars:
Cheibriados
Dithmenos
Elyvilon
Fedhas
Gozag
Hepliaklqana
Kikubaaqudgha
Makhleb
Nemelex Xobeh
Okawaru
Qazlal
Ru
Sif Muna
Trog
Uskayaw
Vehumet
Wu Jian
Xom
Yredelemnul
Zin
The Shining One
Jiyva
Lugonu

Shops:
D ?([


Innate Abilities, Weirdness & Mutations

You cannot wear most types of armour.
You are amphibious.
You can wear up to eight rings at the same time.
Your skin changes colour to match your surroundings (Stealth+).
Your rubbery body absorbs attacks. (AC +1, EV +1)
((You are camouflaged when in or above water. (Stealth+)))
You have tentacles for arms and can constrict up to eight enemies at once.


Message History

You kill the redback!
You see here a redback corpse.
You see here a redback corpse.
You now have 920 gold pieces (gained 27).
You see here a redback corpse.
You now have 947 gold pieces (gained 27).
You now have 974 gold pieces (gained 27).
You start waiting.
Done waiting.
You start waiting.
Done waiting.
You start waiting.
Done waiting.
You open the door.
There is an open door here.
Deactivating autopickup; reactivate with Ctrl-A.
You hit something. Your squeeze misses something. Something hits you.
You hit something but do no damage. You squeeze something. Something hits you!
Something barely misses you. x2
You hit something but do no damage. Something barely misses you.
Something hits you. Something barely misses you. Something hits you!
Something hits you. Something hits you. Something hits you but does no damage.
Something hits you! Something barely misses you. Something hits you. x2
Something barely misses you. Something hits you. Something closely misses you.
Something hits you. Something closely misses you. Something hits you!
* * * LOW HITPOINT WARNING * * *
Something hits you.
* * * LOW HITPOINT WARNING * * *
There is an open door here.
You closely miss something. Something hits you!
* * * LOW HITPOINT WARNING * * *
You completely miss something. Your squeeze misses something.
Something barely misses you.
Okay, then.
Sorry, you're not good enough to have a special ability.
You hit something but do no damage. Something hits you!
You die...

_##'#_.'§§)§§§.†#
.†'..._#§~~§§#..#
_##_.#'##+#####'###
_###'#(#..[)###.'.#
####.####'###.###.#
..'...'.....'.∩##§#
###.).###########§#
###.###.......##§#
#.#'#.#.......{@.#
#.....#+++######§#
#.....# #§# #######
+.# ###


There were no monsters in sight!

Vanquished Creatures
  2 centaur warriors (D)
  Sonja (D)
  A deep troll (D)
  An oklob plant (D)
  A hornet (D)
  A slime creature (D)
  Sigmund (D)
  A yak (D)
  2 redbacks (D)
  An ogre (D)
  A jelly (D)
  Ijyb (D)
  A ballistomycete spore (D)
15 creatures vanquished.

Vanquished Creatures (others)
  A ballistomycete spore (D)
1 creature vanquished.

Grand Total: 16 creatures vanquished

Notes
Turn   | Place    | Note
-------+----------+-------------------------------------------
     0 | D        | rocky1 the Octopode Brigand began the quest for the Orb.
     0 | D        | Reached XP level 1. HP: 14/14 MP: 1/1
     2 | D        | Noticed Ijyb
     8 | D        | Killed Ijyb
     9 | D        | Reached skill level 7 in Stealth
     9 | D        | Reached XP level 2. HP: 21/21 MP: 2/2
     9 | D        | Reached XP level 3. HP: 26/26 MP: 3/3
   315 | D        | Noticed an ogre
   322 | D        | Killed an ogre
   323 | D        | Reached skill level 9 in Stealth
   323 | D        | Reached XP level 4. HP: 17/34 MP: 4/4
   500 | D        | Noticed Sigmund
   503 | D        | Killed Sigmund
   504 | D        | Reached skill level 5 in Fighting
   504 | D        | Reached skill level 5 in Short Blades
   504 | D        | Reached skill level 5 in Dodging
   504 | D        | Reached skill level 12 in Stealth
   504 | D        | Reached XP level 5. HP: 41/41 MP: 5/5
   504 | D        | Reached XP level 6. HP: 46/46 MP: 6/6
   817 | D        | Found an ornate altar of the Wu Jian Council.
   817 | D        | Found a shimmering blue altar of Sif Muna.
   819 | D        | Found a radiant altar of Vehumet.
   983 | D        | Noticed Sonja
   987 | D        | Killed Sonja
   988 | D        | Reached skill level 15 in Stealth
   988 | D        | Reached XP level 7. HP: 54/54 MP: 7/7
  1308 | D        | Found Qaonyd's Magic Scroll Boutique.
  1316 | D        | Bought a scroll of poison for 40 gold pieces
  1316 | D        | Bought a scroll of identify for 20 gold pieces
  1316 | D        | Bought a scroll of poison for 40 gold pieces
  1333 | D        | Found Nextedway's Antique Weapon Emporium.
  1333 | D        | Found an ancient bone altar of Kikubaaqudgha.
  1333 | D        | Found a hazy altar of Hepliaklqana.
  1333 | D        | Found a stormy altar of Qazlal.
  1333 | D        | Found a hide-covered altar of Uskayaw.
  1333 | D        | Found a blossoming altar of Fedhas.
  1333 | D        | Found a bloodstained altar of Trog.
  1333 | D        | Found an iron altar of Okawaru.
  1333 | D        | Found a basalt altar of Yredelemnul.
  1333 | D        | Found a glowing golden altar of the Shining One.
  1333 | D        | Found a snail-covered altar of Cheibriados.
  1333 | D        | Found a sacrificial altar of Ru.
  1333 | D        | Found a glowing silver altar of Zin.
  1333 | D        | Found a shadowy altar of Dithmenos.
  1333 | D        | Found a white marble altar of Elyvilon.
  1333 | D        | Noticed a yak
  1334 | D        | Found an opulent altar of Gozag.
  1335 | D        | Killed a yak
  1336 | D        | Reached skill level 16 in Stealth
  1336 | D        | Reached XP level 8. HP: 61/61 MP: 8/8
  1336 | D        | Found a sparkling altar of Nemelex Xobeh.
  1353 | D        | Noticed a deep troll
  1357 | D        | Killed a deep troll
  1358 | D        | Reached skill level 17 in Stealth
  1363 | D        | Found Pucw's Armour Emporium.
  1411 | D        | Found a burning altar of Makhleb.
  1411 | D        | Found a viscous altar of Jiyva.
  1411 | D        | Found a shimmering altar of Xom.
  1411 | D        | Found a corrupted altar of Lugonu.
  1411 | D        | Noticed a slime creature
  1414 | D        | Killed a slime creature
  1415 | D        | Reached XP level 9. HP: 68/68 MP: 9/9
  1438 | D        | Noticed a centaur warrior
  1438 | D        | Noticed a centaur warrior
  1453 | D        | Killed a centaur warrior
  1454 | D        | Reached skill level 18 in Stealth
  1461 | D        | Killed a centaur warrior
  1462 | D        | Reached skill level 10 in Fighting
  1462 | D        | Reached skill level 10 in Short Blades
  1462 | D        | Reached skill level 10 in Dodging
  1462 | D        | Reached skill level 19 in Stealth
  1939 | D        | Noticed a hornet
  1942 | D        | Killed a hornet
  1953 | D        | Noticed an oklob plant
  1955 | D        | Killed an oklob plant
  1956 | D        | Reached skill level 20 in Stealth
  1956 | D        | Reached XP level 10. HP: 77/77 MP: 10/10
  2307 | D        | Slain by an unseen horror

Illustrated notes

Levels and vault maps discovered:
D:        dungeon_sprint_1 [red_sonja_temple_1, red_sonja_temple_small_1]

Skill      XL: |  1  2  3  4  5  6  7  8  9 |
---------------+----------------------------+-----
Fighting       | 3 4 5 7 8 9 10 | 10.7
Short Blades   | 3 4 5 7 8 9 10 | 10.7
Dodging        | 2 4 5 7 8 10 | 10.5
Stealth        | 7 9 12 15 16 17 20 | 20.6
Throwing       | |  2.0

Action                     |  1- 3 |  4- 6 |  7- 9 | 10-12 || total
---------------------------+-------+-------+-------+-------++-------
  Melee: Dagger            |    10 |     7 |    17 |    11 ||    45
         Constrict         |     1 |       |       |     1 ||     2
         Tentacles         |       |     1 |     6 |     3 ||    10
  Throw: Dart              |     2 |       |     5 |       ||     7
    Use: Scroll            |       |       |     1 |       ||     1
         Potion            |       |       |     2 |       ||     2
   Stab: Sleeping          |       |     2 |     5 |     1 ||     8
 Armour: Skin              |     1 |       |    21 |    16 ||    38
  Dodge: Dodged            |     3 |     4 |    10 |    13 ||    30

Table legend: (Time is in decaauts)
 A = Elapsed time spent in this place.
 B = Non-inter-level travel time spent in this place.
 C = Inter-level travel time spent in this place.
 D = Time resting spent in this place.
 E = Time spent auto-exploring this place.
 F = Levels seen in this place.
 G = Mean time per level.
                   A        B        C        D        E       F      G
               +--------+--------+--------+--------+--------+-----+--------+
         Total |   2301 |   2301 |      0 |   1906 |      0 |   1 | 2301.0 |
       Dungeon |   2301 |   2301 |      0 |   1906 |      0 |   1 | 2301.0 |
               +--------+--------+--------+--------+--------+-----+--------+

Top non-repeatable levels by time:
       D: 2301 daAuts
